 Dungeon Crawl Stone Soup version 0.29-a0-284-gf9362112df (webtiles) character file.

Game seed: 6786471586551874274

76206 drugrobin the Severer (level 14, -5/133 HPs)
             Began as a Demigod Fighter on Mar 26, 2022.
             Slain by a death knight
             ... wielding a +0 glaive
              (12 damage)
             ... on level 15 of the Dungeon.
             The game lasted 01:59:28 (48517 turns).

drugrobin the Severer (Demigod Fighter)            Turns: 48517, Time: 01:59:28

Health: -5/133     AC: 16    Str: 35    XL:     14   Next: 70%
Magic:  17/17      EV: 10    Int: 14    God:
Gold:   1808       SH:  5    Dex: 19    Spells: 13/13 levels left

rFire   . . .      SeeInvis +   a - +2 trident (protect)
rCold   + + +      Faith    .   p - +0 buckler
rNeg    . . .      Spirit   .   z - +4 skin of Zhor {*Englaciate rC+++ SInv}
rPois   .          Reflect  .   A - +0 helmet
rElec   .          Harm     .   E - +0 cloak
rCorr   .          Rampage  .   V - +0 pair of gloves
Will    +....                   (no boots)
Stlth   ++........              (no amulet)
HPRegen 0.32/turn               q - +6 ring of dexterity
MPRegen 0.15/turn               j - +6 ring of strength

@: under a protective aura
A: high MP 1, forlorn, divine attributes
a: no special abilities


You were on level 15 of the Dungeon.
You visited 4 branches of the dungeon, and saw 24 of its levels.
You also visited: Ice Cave.

You collected 2088 gold pieces.
You spent 280 gold pieces at shops.

Inventory:

Hand Weapons
 a - a +2 trident of protection (weapon)
 b - a +2 demon whip of venom
 c - a +4 whip of draining
 d - a +5 hand axe
 e - the +4 flail "Boade" {vorpal, rPois rC+ rCorr Dex+3}
   (You found it on level 6 of the Dungeon)

   It inflicts extra damage upon your enemies.
   Dex:       It affects your dexterity (+3).
   rC:        It protects you from cold.
   rPois:     It protects you from poison.
   rCorr:     It protects you from acid and corrosion.
Missiles
 s - 20 poisoned darts
 Q - 11 boomerangs (quivered)
Armour
 p - a +0 buckler (worn)
 z - the +4 skin of Zhor (worn) {*Englaciate rC+++ SInv}
   (You found it in an ice cave)

   It radiates cold, occasionally slowing all nearby creatures who are not
   resistant to cold.
   rC:        It renders you almost immune to cold.
   SInv:      It lets you see invisible.
 A - a +0 helmet (worn)
 E - a +0 cloak (worn)
 V - a +0 pair of gloves (worn)
Jewellery
 j - a +6 ring of strength (right hand)
 l - a ring of wizardry
 q - a +6 ring of dexterity (left hand)
 H - a ring of flight
 M - a ring of resist corrosion
 O - a ring of fire
Wands
 t - a wand of paralysis (12)
 y - a wand of iceblast (27)
 D - a wand of mindburst (10)
 G - a wand of flame (8)
 I - a wand of charming (7)
 K - a wand of acid (3)
 N - a wand of digging (12)
Scrolls
 f - 2 scrolls of enchant weapon
 g - 2 scrolls of fog
 h - 4 scrolls of blinking
 k - 10 scrolls of teleportation
 o - 2 scrolls of vulnerability
 v - 6 scrolls of immolation
 w - a scroll of magic mapping
 C - 2 scrolls of fear
 U - 2 scrolls of silence {unknown}
Potions
 i - 4 potions of lignification
 m - 3 potions of attraction {unknown}
 r - a potion of haste
 x - 2 potions of might
 B - 3 potions of berserk rage
 F - 5 potions of curing {unknown}
 L - 7 potions of invisibility
 S - 2 potions of mutation {unknown}
Miscellaneous
 R - a tin of tremorstones (2/2)


   Skills:
 + Level 14.8 Fighting
 + Level 17.8 Axes
 - Level 2.6 Armour
 - Level 2.6 Shields
 - Level 10.0 Evocations


You had 13 spell levels left.
You didn't know any spells.
Your spell library contained the following spells:

 Spells                   Type           Power      Damage    Failure   Level
 Freeze                   Ice            0%         1d3       36%         1
 Magic Dart               Conj           0%         1d3       36%         1
 Call Imp                 Summ           0%         N/A       50%         2
 Corpse Rot               Necr/Air       0%         N/A       50%         2
 Ensorcelled Hibernation  Hex/Ice        0%         N/A       50%         2
 Passwall                 Tmut/Erth      0%         N/A       50%         2
 Poisonous Vapours        Pois/Air       0%         N/A       50%         2
 Sublimation of Blood     Necr           0%         N/A       50%         2
 Call Canine Familiar     Summ           0%         N/A       75%         3
 Confusing Touch          Hex            0%         N/A       75%         3
 Frozen Ramparts          Ice            0%         1d2       75%         3
 Mephitic Cloud           Conj/Pois/Air  0%         N/A       75%         3
 Portal Projectile        Hex/Tloc       0%         N/A       75%         3
 Stone Arrow              Conj/Erth      0%         3d7       75%         3
 Swiftness                Air            0%         N/A       75%         3
 Tukima's Dance           Hex            0%         N/A       75%         3
 Anguish                  Hex/Necr       0%         N/A       98%         4
 Animate Armour           Summ/Erth      0%         N/A       98%         4
 Fulminant Prism          Conj/Hex       0%         3d6       98%         4
 Hailstorm                Conj/Ice       0%         3d3       98%         4
 Iskenderun's Mystic Bla  Conj/Tloc      0%         2d3       98%         4
 Leda's Liquefaction      Hex/Erth       0%         N/A       98%         4
 Petrify                  Tmut/Erth      0%         N/A       98%         4
 Blade Hands              Tmut           0%         N/A       100%        5
 Fireball                 Conj/Fire      0%         3d3       100%        5
 Irradiate                Conj/Tmut      0%         3d13      100%        5
 Iskenderun's Battlesphe  Conj           0%         2d6       100%        5
 Lee's Rapid Deconstruct  Erth           0%         3d5*      100%        5
 Yara's Violent Unravell  Hex/Tmut       0%         3d3       100%        5
 Conjure Ball Lightning   Conj/Air       0%         3x3d6     100%        6
 Dragon Form              Tmut           0%         N/A       100%        7
 Enfeeble                 Hex            0%         N/A       100%        7
 Orb of Destruction       Conj           0%         9d5       100%        7
 Discord                  Hex            0%         N/A       100%        8
 Disjunction              Tloc           0%         N/A       100%        8
 Lehudib's Crystal Spear  Conj/Erth      0%         10d2      100%        8


Dungeon Overview and Level Annotations

Branches:
Dungeon (15/15)            Temple (1/1) D:4            Lair (6/6) D:11
 Shoals (0/4) Lair:2       Spider (0/4) Lair:3        Slime (0/5) Lair:5
    Orc (2/2) D:12            Elf (0/3) Orc:2        Vaults (0/5) D:13
 Depths (0/4) D:15          IceCv (visited)

Shops:
D:3 (   D:4 (   Orc:1 [

Annotations:
D:11 exclusion: ice statue
Lair:2 exclusion: door
Orc:2 Rupert, Urug


Innate Abilities, Weirdness & Mutations

You have an increased reservoir of magic. (+10% MP)
You shall have no god before yourself.
Your divine heritage dramatically boosts your attributes as you level up.


Message History

Unknown command.
Unknown command.
You barely miss the death knight.
The death knight is heavily wounded.
Unknown command.
Unknown command.
Unknown command.
Unknown command.
Unknown command.
Unknown command.
You closely miss the death knight.
The death knight is heavily wounded.
The death knight hits you with a +0 glaive!!
* * * LOW HITPOINT WARNING * * *
Unknown command.
Unknown command.
Unknown command.
Unknown command.
You hit the death knight but do no damage.
Your weapon exudes an aura of protection.
The death knight is heavily wounded.
The death knight hits you with a +0 glaive.
* * * LOW HITPOINT WARNING * * *
Unknown command.
Unknown command.
Unknown command.
Unknown command.
Unknown command.
Unknown command.
Okay, then.
Aiming: Paralyse
Press: ? - help, Shift-Dir - straight line, f/p - death knight
Aim: a death knight, wielding a +0 glaive and wearing a +0 plate armour (heavily wounded, extremely poisoned, chance to affect: 21%)
Okay, then.
Unknown command.
As you read the scroll of fear, it crumbles to dust.
You assume a fearsome visage.
The death knight easily resists.
You radiate an aura of cold.
The death knight seems to slow down.
The death knight hits you with a +0 glaive!
You die...

#.##.# #........
#.##.# #.....≈..
#....# #......≈≈
#....####+####...§.#§.
#............'<...≈≈≈≈
#............#...≈≈≈..
#............#....#§≈§
#............##..≈§§:.
#....@p.###'###...§§§.
#..####(#........§.#§≈
#..####.#...........≈≈
#..[....#..####....≈.≈
#...<...#.. .#.
#..##...#.. ..
#..##...#.. #
#..##...#.. #.......#


You could see a death knight (very poisoned, slow).

Vanquished Creatures
  Nessos (D:12)
  A fire dragon (Lair:6)
  Fannar (D:12)
  5 boulder beetles
  5 vault guards
  5 hydras
  2 catoblepae (D:13)
  6 centaur warriors
  3 two-headed ogres
  4 death yaks
  An orc high priest (Orc:1)
  Amaemon (Lair:1)
  A phantasmal warrior (D:15)
  A harpy (shapeshifter) (D:14)
  A lindwurm (Lair:6)
  2 deep elf pyromancers (D:15)
  An orc knight (Orc:1)
  6 cyclopes
  12 ugly things
  5 orc sorcerers
  2 manticores
  6 elephants
  2 molten gargoyles (Lair:6)
  7 black mambas
  3 ice statues (IceCv)
  2 gargoyles
  An orange demon (D:11)
  2 rime drakes
  17 komodo dragons
  11 cane toads
  2 anaconda simulacra (IceCv)
  An entropy weaver simulacrum (IceCv)
  An efreet (D:14)
  5 trolls
  A freezing wraith (D:14)
  7 dream sheep (Lair:3)
  12 slime creatures
  11 blink frogs
  A jumping spider (Lair:3)
  A shadow (D:10)
  2 water elementals (D:11)
  A vampire (D:13)
  32 yaks
  4 wraiths
  A yak (shapeshifter) (D:14)
  6 basilisks
  2 wyverns
  5 humans (D:13)
  3 redbacks (Lair:3)
  2 vampire mosquitoes
  4 steam dragons
  A death yak simulacrum (IceCv)
  4 wargs
  An acid dragon (D:11)
  18 water moccasins
  3 hell hounds (Lair:6)
  10 orc warriors
  An ice beast (D:6)
  2 sky beasts
  A black bear (D:5)
  7 ogres
  A boggart (D:8)
  2 wolves (D:11)
  9 centaurs
  A phantom (D:6)
  Blork the orc (D:4)
  3 kobold brigands
  18 bullfrogs
  2 necrophages (D:4)
  3 scorpions
  2 cane toad simulacra (IceCv)
  10 wights
  9 killer bees
  4 electric eels
  4 howler monkeys
  A crimson imp (D:5)
  A human zombie (D:4)
  5 lava snakes (Lair:6)
  9 hounds
  11 jellies
  13 orc priests
  Crazy Yiuf (D:2)
  A gnoll shaman (D:9)
  Natasha (thrice) (D:1)
  6 iguanas (D:5)
  14 orc wizards
  2 scorpion zombies (D:4)
  A polar bear simulacrum (IceCv)
  2 mummies (D:4)
  14 adders
  5 gnolls (D:9)
  A shadow imp (D:5)
  2 ufetubi
  2 adder zombies (D:4)
  5 worms
  6 dart slugs
  70 orcs
  22 endoplasms
  4 giant cockroaches
  9 hobgoblins
  3 jackals
  3 quokkas
  7 ball pythons
  2 frilled lizards
  9 goblins
  15 kobolds
  4 rats
591 creatures vanquished.

Vanquished Creatures (collateral kills)
  An entropy weaver simulacrum (IceCv)
1 creature vanquished.

Vanquished Creatures (others)
  A vault guard (D:13)
  2 yaks (Lair:1)
  A human (D:13)
  An ice beast (D:7)
  An orc (Orc:2)
  39 fungi
  28 plants
73 creatures vanquished.

Grand Total: 665 creatures vanquished

Notes
Turn   | Place    | Note
-------+----------+-------------------------------------------
     0 | D:1      | drugrobin the Demigod Fighter began the quest for the Orb.
     0 | D:1      | Reached XP level 1. HP: 18/18 MP: 3/3
    25 | D:1      | Found Wesoarae's Magic Scroll Boutique.
    71 | D:1      | Reached skill level 2 in Axes
   269 | D:1      | Reached XP level 2. HP: 24/25 MP: 4/4
  1076 | D:2      | Reached XP level 3. HP: 31/31 MP: 5/5
  1156 | D:2      | Reached skill level 3 in Axes
  1254 | D:2      | Noticed Natasha
  1384 | D:1      | Killed Natasha
  1419 | D:2      | Reached XP level 4. HP: 38/38 MP: 6/6
  1989 | D:2      | Found a runed translucent door.
  1990 | D:2      | Noticed Crazy Yiuf
  2307 | D:3      | Found Xaileeg's Antique Weapon Shop.
  2319 | D:3      | Reached skill level 4 in Axes
  2396 | D:3      | Reached XP level 5. HP: 40/46 MP: 7/7
  2711 | D:4      | Found a staircase to the Ecumenical Temple.
  2805 | Temple   | Entered the Ecumenical Temple
  3331 | D:4      | Reached skill level 5 in Axes
  3535 | D:4      | Reached XP level 6. HP: 38/52 MP: 8/8
  3807 | D:4      | Found Qeejeaxu's Weapon Emporium.
  3912 | D:4      | Noticed Blork the orc
  3922 | D:4      | Killed Blork the orc
  4711 | D:4      | Reached skill level 6 in Axes
  4734 | D:4      | Reached XP level 7. HP: 48/60 MP: 9/9
  4798 | D:4      | Reached skill level 5 in Fighting
  5322 | D:1      | Bought a scroll of amnesia for 35 gold pieces
  5322 | D:1      | Bought 3 scrolls of identify for 60 gold pieces
  5322 | D:1      | Bought a scroll of teleportation for 30 gold pieces
  5322 | D:1      | Bought a scroll of immolation for 35 gold pieces
  5322 | D:1      | Bought a scroll of identify for 20 gold pieces
  5322 | D:1      | Bought a scroll of identify for 20 gold pieces
  5322 | D:1      | Bought a scroll of identify for 20 gold pieces
  5484 | D:5      | Entered Level 5 of the Dungeon
  5567 | D:5      | Reached skill level 7 in Axes
  5977 | D:5      | Reached XP level 8. HP: 68/70 MP: 10/10
  6357 | D:5      | Reached skill level 8 in Axes
  6627 | D:6      | Identified the +4 flail "Boade" {vorpal, rPois rC+ rCorr
                  | Dex+3}
  7659 | D:6      | Reached skill level 9 in Axes
  8391 | D:1      | Bought a scroll of identify for 20 gold pieces
  8391 | D:1      | Bought a scroll of identify for 20 gold pieces
  8391 | D:1      | Bought a scroll of identify for 20 gold pieces
  8725 | D:1      | Noticed Natasha
  8734 | D:1      | Killed Natasha
  9128 | D:1      | Noticed Natasha
  9133 | D:1      | Killed Natasha
  9134 | D:1      | Reached XP level 9. HP: 72/79 MP: 11/11
  9392 | D:2      | Killed Crazy Yiuf
 10028 | D:7      | Reached skill level 10 in Axes
 11329 | D:8      | Reached skill level 11 in Axes
 12188 | D:8      | Noticed Maggie
 12305 | D:9      | Reached XP level 10. HP: 47/90 MP: 13/13
 13138 | D:8      | Reached skill level 12 in Axes
 13521 | D:8      | Noticed Maggie
 13521 | D:8      | Maggie changed into Maggie the jelly
 13525 | D:8      | Killed Maggie the jelly
 14463 | D:10     | Entered Level 10 of the Dungeon
 15342 | D:11     | Noticed a manticore
 15468 | D:11     | Noticed a two-headed ogre
 15491 | D:11     | Noticed a boulder beetle
 15614 | D:11     | Noticed a two-headed ogre
 15624 | D:10     | Killed a two-headed ogre
 15723 | D:10     | Killed a two-headed ogre
 15841 | D:11     | Reached skill level 13 in Axes
 16179 | D:11     | Noticed a cyclops
 16341 | D:11     | Killed a cyclops
 16631 | D:11     | Killed a boulder beetle
 16632 | D:11     | Reached XP level 11. HP: 61/99 MP: 14/14
 17066 | D:11     | Reached skill level 10 in Fighting
 17841 | D:11     | Found a staircase to the Lair.
 18292 | Lair:1   | Entered Level 1 of the Lair of Beasts
 18315 | Lair:1   | Reached skill level 14 in Axes
 18383 | Lair:1   | Noticed Amaemon
 18849 | D:12     | Noticed Fannar
 18976 | D:12     | Killed Fannar
 19099 | D:12     | Noticed Nessos
 19116 | D:12     | Killed Nessos
 19468 | Lair:1   | Killed Amaemon
 20102 | Lair:1   | Reached skill level 15 in Axes
 20519 | Lair:2   | Reached skill level 1 in Evocations
 20890 | Lair:2   | Noticed a four-headed hydra
 20917 | Lair:2   | Killed a four-headed hydra
 20918 | Lair:2   | Reached XP level 12. HP: 70/110 MP: 15/15
 22536 | Lair:2   | Noticed a boulder beetle
 22560 | Lair:2   | Killed a boulder beetle
 22866 | Lair:2   | Noticed a boulder beetle
 23240 | Lair:2   | Killed a boulder beetle
 23462 | Lair:2   | Found a staircase to the Shoals.
 24658 | Lair:3   | Reached skill level 5 in Evocations
 25026 | Lair:3   | Found a hole to the Spider Nest.
 25277 | Lair:3   | You fall into a shaft and drop 2 floors!
 26332 | Lair:4   | Reached skill level 16 in Axes
 26366 | Lair:4   | Noticed a four-headed hydra
 26386 | Lair:4   | Killed a four-headed hydra
 26609 | Lair:4   | Identified a scroll of acquirement
 26626 | Lair:4   | Reached XP level 13. HP: 65/119 MP: 16/16
 28587 | Lair:5   | Found a runed translucent door.
 29196 | Lair:5   | Found a staircase to the Slime Pits.
 29341 | Lair:6   | Entered Level 6 of the Lair of Beasts
 29925 | Lair:6   | Found a frozen archway.
 29934 | IceCv    | Entered an ice cave
 30114 | IceCv    | Found the +4 skin of Zhor {*Englaciate rC+++ SInv}
 31129 | IceCv    | HP: 4/122 [entropy weaver simulacrum (3)]
 35090 | Lair:6   | Found a large runed translucent door.
 35094 | Lair:6   | Found a large runed translucent door.
 35871 | D:12     | Found a staircase to the Orcish Mines.
 36854 | Orc:1    | Entered Level 1 of the Orcish Mines
 37225 | Orc:2    | Entered Level 2 of the Orcish Mines
 38049 | Orc:2    | Found a staircase to the Elven Halls.
 38052 | Orc:1    | Found Topapaell's Armour Emporium.
 38435 | Orc:2    | Noticed Rupert
 38483 | Orc:1    | Reached skill level 17 in Axes
 39250 | Orc:1    | Reached XP level 14. HP: 36/130 MP: 17/17
 39874 | Orc:2    | Noticed Urug
 40992 | D:13     | Identified the +7 glaive of Eternal Vigilance {speed, Will-
                  | Str+4 Dex+3}
 43787 | D:13     | Found a gate to the Vaults.
 46942 | D:13     | Reached skill level 10 in Evocations
 47401 | D:15     | Entered Level 15 of the Dungeon
 47973 | D:15     | Found a staircase to the Depths.
 47973 | D:15     | Noticed a fire giant
 48511 | D:15     | HP: 4/133 [death knight/+0 glaive (17)]
 48517 | D:15     | Slain by a death knight

Illustrated notes

Levels and vault maps discovered:
D:1:      roderic_octagonal_star, layout_basic, serial_shops,
          nicolae_shop_waterfront, minmay_misc_feat_secret_circle,
          grunt_decor_resistance, minivault_19
D:2:      layout_loops_cross, basic_ecumenical_altar, minmay_statues_item,
          minmay_domino_2, uniq_natasha, uniq_crazy_yiuf_cottage
D:3:      layout_loops_ring, serial_shops, shop, moated_statue
D:4:      cheibrodos_thug_alley, layout_basic,
          lemuel_mausoleum_altar_kikubaaqudgha, minmay_temple_entry_glass,
          serial_shops, nicolae_shop_bloodbath_and_beyond, uniq_blork_the_orc
D:5:      layout_gridville, makhleb_grotto_becter, mainiacjoe_overflow_alcove_4,
          minivault_27, guppyfry_early_lair_pool
D:6:      kennysheep_steamy, layout_cave_pools, nicolae_vehumet_altar_sigil,
          kennysheep_generic_room_9
D:7:      layout_cave_pools, fedhas_altar_1, lemuel_flame_loot_1
D:8:      layout_basic, uniq_maggie
D:9:      layout_loops_corners, mainiacjoe_overflow_six_doors_small,
          nicolae_overflow_squiral
D:10:     layout_cave_pools, mainiacjoe_overflow_catwalk
D:11:     lemuel_ice_statue, layout_rooms, erik_lair_island
D:12:     layout_basic, erik_orc_4, uniq_fannar, uniq_nessos
D:13:     layout_layer_cave, ximxim_vaults_locker_room, chei_slow_surprise
D:14:     layout_rooms, kennysheep_nondescript, zin_statuary
D:15:     grunt_enter_depths_giant_problem, layout_stronghold,
          nicolae_tso_swordbearing_angel, nicolae_hepliaklqana_monster_ancestors
Temple:   oiseaux_autumnal_temple
Lair:1:   layout_loops_ring, uniq_amaemon
Lair:2:   layout_cellular_growth, minmay_shoals_entry_hut,
          cheibrodos_lair_caveside_slide, nzn_masters_of_martial_movement
Lair:3:   lemuel_slime, layout_misc_corridors, spider_nest_entry_a,
          serial_bayou_shore_a
Lair:4:   layout_regular_city
Lair:5:   layout_small_grid, slime_altar_2, grunt_megastairs_1,
          infiniplex_staircase_pool_2
Lair:6:   cheibrodos_lair_end_hotspot, layout_small_grid,
          portal_ice_cave_entry_pillars_1, dreamdust_mushroom_princess
Orc:1:    layout_caves, serial_shops, shop_coins, kennysheep_orc_chapel
Orc:2:    grunt_orc_tribal_feast, layout_diamond_mine, uniq_urug, uniq_rupert

Skill      XL: |  1  2  3  4  5  6  7  8  9 10 11 12 13 14 |
---------------+-------------------------------------------+-----
Axes           | 2 3 4 5 6 7 9 11 13 15 16 17 | 17.8
Fighting       | 3 4 5 7 8 9 11 12 13 14 | 14.8
Evocations     | 1 5 8 10 | 10.0
Armour         | |  2.6
Shields        | |  2.6

Action                   |  1- 3 |  4- 6 |  7- 9 | 10-12 | 13-15 || total
-------------------------+-------+-------+-------+-------+-------++-------
Melee: War axe           |    76 |    12 |    28 |       |       ||   116
       Whip              |    22 |   174 |   181 |    96 |       ||   473
       Morningstar       |       |       |    32 |       |       ||    32
       Trident           |       |       |   116 |   299 |   430 ||   845
       Hand axe          |       |       |    41 |   116 |    16 ||   173
       Flail             |       |       |       |    18 |    10 ||    28
       Demon whip        |       |       |       |   342 |   783 ||  1125
Throw: Dart              |       |     2 |    32 |    39 |    38 ||   111
       Throwing net      |       |       |     3 |       |       ||     3
       Boomerang         |       |       |       |    21 |    55 ||    76
Evoke: Wand              |       |       |    16 |    26 |    24 ||    66
       Tin of tremorston |       |       |       |       |     3 ||     3
  Use: Scroll            |       |       |    10 |     7 |     6 ||    23
       Potion            |       |       |       |       |     5 ||     5
 Stab: Distracted        |       |       |     1 |     2 |     1 ||     4
       Held in net/web   |       |       |     1 |       |       ||     1
       Paralysed         |       |       |       |    16 |     4 ||    20
       Sleeping          |       |       |       |       |     1 ||     1
Armor: Scale mail        |    48 |     2 |       |       |       ||    50
       Chain mail        |       |    43 |   188 |    19 |       ||   250
       Swamp dragon scal |       |       |       |   237 |    53 ||   290
       Animal skin       |       |       |       |       |   270 ||   270
Dodge: Dodged            |    30 |    37 |   112 |   251 |   325 ||   755
Block: Buckler           |    18 |    27 |    84 |   137 |   198 ||   464

Table legend: (Time is in decaauts)
 A = Elapsed time spent in this place.
 B = Non-inter-level travel time spent in this place.
 C = Inter-level travel time spent in this place.
 D = Time resting spent in this place.
 E = Time spent auto-exploring this place.
 F = Levels seen in this place.
 G = Mean time per level.
                   A        B        C        D        E       F      G
               +--------+--------+--------+--------+--------+-----+--------+
         Total |  48022 |  46120 |   1902 |  20680 |  15962 |  25 | 1920.9 |
       Dungeon |  29368 |  28000 |   1368 |  11652 |  10620 |  15 | 1957.9 |
        Temple |     45 |     25 |     20 |      0 |     21 |   1 |   45.0 |
          Lair |  13941 |  13482 |    459 |   6302 |   4528 |   6 | 2323.5 |
  Orcish Mines |   3012 |   2958 |     54 |   1455 |    789 |   2 | 1506.0 |
      Ice Cave |   1653 |   1653 |      0 |   1270 |      4 |   1 | 1653.0 |
               +--------+--------+--------+--------+--------+-----+--------+

Top non-repeatable levels by time:
    D:13: 5424 daAuts
  Lair:6: 3171 daAuts
  Lair:3: 2822 daAuts
     D:4: 2651 daAuts
    D:11: 2571 daAuts
  Lair:2: 2539 daAuts
    D:14: 2407 daAuts
  Lair:5: 2333 daAuts
     D:1: 2236 daAuts
    D:10: 2177 daAuts
   Orc:1: 2062 daAuts
    D:12: 1901 daAuts
     D:6: 1817 daAuts
  Lair:1: 1767 daAuts
   IceCv: 1653 daAuts
